 Seeded DCSS version 0.30-a0-845-g7c6808c8ce (webtiles) character file.

Game seed: 15380905084560268170 (custom seed)

5437 qeuew the Protected (level 11, -8/84 HPs)
             Began as a Formicid Fighter on Mar 2, 2023.
             Was an Elder of Okawaru.
             Killed by vampiric draining
             ... invoked by a vampire
              (9 damage)
             ... on level 9 of the Dungeon.
             The game lasted 00:08:34 (7408 turns).

qeuew the Protected (Formicid Fighter)              Turns: 7408, Time: 00:08:35

Health: -8/84      AC: 13    Str: 28    XL:     11   Next: 0%
Magic:  13/15      EV: 16    Int:  9    God:    Okawaru [****..]
Gold:   548        SH:  8    Dex: 17    Spells: 10/10 levels left

rFire   . . .      SeeInvis +    e - +11 mace of Exquisite Torment {pain, rN+ Dex+2}
rCold   . . .      Faith    .    c - +0 buckler
rNeg    + . .      Spirit   .    b - +0 scale mail
rPois   .          Reflect  .    (helmet unavailable)
rElec   .          Rampage  .    (no cloak)
rCorr   .                        s - +2 pair of gloves
Will    ++...                    (no boots)
Stlth   ++                       w - amulet of regeneration
HPRegen 1.14/turn                i - +6 ring of strength
MPRegen 0.14/turn                k - ring of willpower

@: mighty, lethally poisoned (-8 -> -9), heroic
A: permanent stasis, dig shafts and tunnels, antennae 3, four strong arms
a: Dig, Shaft Self, Renounce Religion, Heroism, Finesse


You were on level 9 of the Dungeon.
You worshipped Okawaru.
Okawaru was greatly pleased with you.
You visited 1 branch of the dungeon, and saw 9 of its levels.

You collected 562 gold pieces.
You spent 14 gold pieces at shops.

Inventory:

Hand Weapons
 e - the +11 mace of Exquisite Torment (weapon) {pain, rN+ Dex+2}
   (You found it on level 2 of the Dungeon)

   Dex:       It affects your dexterity (+2).
   rN:        It protects you from negative energy.
Missiles
 o - 2 throwing nets
 r - 10 javelins
Armour
 b - a +0 scale mail (worn)
 c - a +0 buckler (worn)
 s - a +2 pair of gloves (worn)
Jewellery
 i - a +6 ring of strength (left hand)
 k - a ring of willpower (right hand)
 w - an amulet of regeneration (around neck)
Wands
 m - a wand of flame (21)
Scrolls
 g - a scroll of identify
 l - a scroll of fear
 q - a scroll of acquirement
 t - a scroll of fog
 u - a scroll of brand weapon
Potions
 a - a potion of mutation
 d - a potion of might
 f - a potion of flight
 h - 2 potions of cancellation
 p - 2 potions of brilliance
 v - a potion of haste {unknown}


   Skills:
 + Level 7.0(12.0) Fighting
 * Level 8.3(13.3) Maces & Flails
 * Level 9.3(14.3) Armour
 + Level 4.8(9.8) Dodging
 + Level 8.3(13.3) Shields
 + Level 5.3 Invocations


You had 10 spell levels left.
You didn't know any spells.
Your spell library contained the following spells:

 Spells                   Type           Power      Damage    Failure   Level
 Ensorcelled Hibernation  Hex/Ice        0%         N/A       77%         2
 Lesser Beckoning         Tloc           0%         N/A       77%         2
 Momentum Strike          Conj/Tloc      0%         3d8       77%         2
 Portal Projectile        Hex/Tloc       0%         N/A       94%         3
 Spider Form              Tmut/Pois      0%         N/A       94%         3
 Anguish                  Hex/Necr       0%         N/A       100%        4
 Leda's Liquefaction      Hex/Erth       0%         N/A       100%        4
 Passage of Golubria      Tloc           0%         N/A       100%        4
 Yara's Violent Unravell  Hex/Tmut       0%         3d3       100%        5
 Blink                    Tloc           Unusable   N/A       N/A         2
 Call Canine Familiar     Summ           Unusable   N/A       N/A         3
 Tukima's Dance           Hex            Unusable   N/A       N/A         3

Dungeon Overview and Level Annotations

Branches:
Dungeon (9/15)             Temple (0/1) D:6            Lair (0/5) D:9
    Orc: D:9-12

Altars:
Okawaru
Trog

Shops:
D:5 [=!(


Innate Abilities, Weirdness & Mutations

You cannot be hasted, slowed, berserked, paralysed or teleported.
You can dig through walls and to a lower floor.
You have a pair of large antennae on your head. (SInv)
Your four strong arms can wield two-handed weapons with a shield.


Message History

You are too injured to fight recklessly!
You are too injured to fight recklessly!
You are too injured to fight recklessly!
You are too injured to fight recklessly!
You are too injured to fight recklessly!
You are too injured to fight recklessly!
You are too injured to fight recklessly!
You are too injured to fight recklessly!
You are too injured to fight recklessly!
You are too injured to fight recklessly!
You are too injured to fight recklessly!
Unknown command.
You closely miss the vampire.
The vampire is heavily damaged.
You feel sick. You block the kobold's attack.
The kobold hits you but does no damage.
The vampire hits you with a staff of air!
* * * LOW HITPOINT WARNING * * *
The vampire bites you but does no damage.
You feel better. The kobold misses you. The kobold hits you but does no damage.
You are poisoned.
The vampire draws life force from you.
The vampire is healed by the life force!
Okay, then.
You gain the combat prowess of a mighty hero.
You feel very sick. The kobold hits you but does no damage.
You block the kobold's attack.
The vampire hits you with a staff of air!
* * * LOW HITPOINT WARNING * * *
You are electrocuted!
* * * LOW HITPOINT WARNING * * *
The vampire bites you!
* * * LOW HITPOINT WARNING * * *
The vampire draws strength from your injuries!
Okay, then.
You feel very mighty all of a sudden.
* * * LOW HITPOINT WARNING * * *
You feel sick. The kobold closely misses you. The kobold completely misses you.
The vampire draws life force from you!
You die...

.......##+##.........#.....
#.........#.....
#........?####'#
#...............
#...............
#...............
#...............
#########...............
......V@..............##
......KK..............#
....###########.......# ...
...... . ..


You could see a vampire and 2 kobolds.

Vanquished Creatures
  A komodo dragon (D:9)
  A hornet (D:7)
  A troll (D:6)
  Grinder (D:3)
  Sigmund (D:2)
  A wraith (D:9)
  A wyvern (D:9)
  Grum (D:9)
  2 water moccasins
  2 ice beasts (D:7)
  2 sky beasts (D:7)
  2 orc warriors (D:9)
  A black bear (D:7)
  4 ogres
  4 wolves (D:9)
  5 centaurs
  2 phantoms
  A gnoll sergeant (D:8)
  3 bullfrogs (D:8)
  3 kobold brigands
  2 scorpions
  8 wights
  2 howler monkeys (D:9)
  5 orc priests
  5 hounds
  2 jellies (D:4)
  An iguana (D:6)
  Jessica (D:3)
  A gnoll bouda (D:8)
  3 orc wizards (D:7)
  3 adders
  17 gnolls
  A white imp (D:7)
  2 ufetubi (D:5)
  3 worms
  3 dart slugs
  31 orcs
  A bat (D:1)
  6 endoplasms
  4 giant cockroaches
  10 goblins
  7 hobgoblins
  3 jackals (D:2)
  20 kobolds
  A quokka (D:5)
  8 ball pythons
  2 frilled lizards
  7 rats
198 creatures vanquished.

Vanquished Creatures (others)
  3 plants (D:9)
3 creatures vanquished.

Grand Total: 201 creatures vanquished

Notes
Turn   | Place    | Note
-------+----------+-------------------------------------------
     0 | D:1      | qeuew the Formicid Fighter began the quest for the Orb.
     0 | D:1      | Reached XP level 1. HP: 18/18 MP: 1/1
    62 | D:1      | Reached XP level 2. HP: 24/24 MP: 2/2
   326 | D:1      | Reached XP level 3. HP: 28/29 MP: 3/3
   574 | D:2      | Identified the +11 mace of Exquisite Torment {pain, rN+
                  | Dex+2}
   789 | D:2      | Reached XP level 4. HP: 36/36 MP: 4/4
  1058 | D:2      | Identified the +11 dagger of Mourning {elec, *Rage Str+6}
  1209 | D:2      | Noticed Sigmund
  1216 | D:2      | Killed Sigmund
  1217 | D:2      | Reached skill level 4 in Armour
  1217 | D:2      | Reached skill level 1 in Dodging
  1217 | D:2      | Reached skill level 5 in Shields
  1217 | D:2      | Reached XP level 5. HP: 34/42 MP: 5/5
  1217 | D:2      | Reached XP level 6. HP: 39/48 MP: 6/6
  1601 | D:3      | Noticed Grinder
  1612 | D:3      | Killed Grinder
  1613 | D:3      | Reached skill level 5 in Armour
  1613 | D:3      | Reached XP level 7. HP: 33/55 MP: 7/7
  1746 | D:3      | Found the +5 robe of Misfortune {Harm *Corrode *Slow EV+5}
  1895 | D:3      | Noticed Jessica
  1900 | D:3      | Killed Jessica
  2153 | D:4      | Found an iron altar of Okawaru.
  2236 | D:4      | Became a worshipper of Warmaster Okawaru
  2354 | D:4      | Reached XP level 8. HP: 59/61 MP: 8/8
  2394 | D:4      | Found a bloodstained altar of Trog.
  2726 | D:5      | Entered Level 5 of the Dungeon
  2742 | D:5      | Reached skill level 1 in Invocations
  2942 | D:5      | Reached skill level 5 in Maces & Flails
  2942 | D:5      | Reached skill level 6 in Armour
  2968 | D:5      | Reached skill level 5 in Fighting
  3001 | D:5      | Found Dotymatal's Antique Weapon Shoppe.
  3003 | D:5      | Found Cynkir Waga's Distillery.
  3003 | D:5      | Found Iffemelu's Jewellery Emporium.
  3008 | D:5      | Found Kifiri's Armour Boutique.
  3014 | D:5      | Bought a potion of degeneration for 14 gold pieces
  3029 | D:5      | Reached * piety under Okawaru
  3151 | D:5      | You fall into a shaft and drop 3 floors!
  3355 | D:6      | Noticed a troll
  3367 | D:6      | Reached XP level 9. HP: 68/68 MP: 10/10
  3369 | D:6      | Killed a troll
  3370 | D:6      | Reached skill level 7 in Armour
  3401 | D:6      | Found a staircase to the Ecumenical Temple.
  3953 | D:5      | Identified a scroll of acquirement
  4003 | D:6      | Reached ** piety under Okawaru
  4910 | D:7      | Noticed a hornet
  4920 | D:7      | Killed a hornet
  4926 | D:7      | Reached skill level 8 in Armour
  4926 | D:7      | Reached XP level 10. HP: 73/76 MP: 11/13
  5234 | D:7      | Reached *** piety under Okawaru
  6591 | D:9      | Noticed Grum
  6602 | D:9      | Killed Grum
  6819 | D:9      | Reached skill level 9 in Armour
  6819 | D:9      | Reached skill level 5 in Invocations
  7141 | D:9      | Found a staircase to the Lair.
  7142 | D:9      | Noticed a komodo dragon
  7158 | D:9      | Killed a komodo dragon
  7271 | D:9      | Reached **** piety under Okawaru
  7395 | D:9      | Reached XP level 11. HP: 77/84 MP: 15/15
  7407 | D:9      | HP: 2/84 [vampire/staff of air (9)]
  7408 | D:9      | Killed from afar by a vampire

Illustrated notes

Levels and vault maps discovered:
D:1:      eino_arrival_water_star, layout_basic
D:2:      minmay_general_purpose_star, layout_basic, minmay_tromino_i2,
          uniq_sigmund
D:3:      layout_rooms, uniq_jessica, uniq_grinder
D:4:      layout_rooms, mainiacjoe_overflow_surrounded_room, okawaru_gym_becter
D:5:      layout_cave_pools, minivault_19, nicolae_wooded_promenade,
          hangedman_glass_teeth
D:6:      layout_basic, minmay_temple_entry_mist
D:7:      layout_loops_corners
D:8:      layout_gridville, chequers_avenue, lightli_orcish_oven
D:9:      layout_irregular_city, david_lair_shrubbed, uniq_grum

Skill      XL: |  1  2  3  4  5  6  7  8  9 10 |
---------------+-------------------------------+-----
Fighting       | 4 5 6 7 |  7.0
Maces & Flails | 3 4 5 7 8 |  8.3
Armour         | 4 5 6 8 9 |  9.3
Dodging        | 1 2 3 4 |  4.8
Shields        | 5 6 7 8 |  8.3
Invocations    | 2 4 5 |  5.3

Action                     |  1- 3 |  4- 6 |  7- 9 | 10-12 || total
---------------------------+-------+-------+-------+-------++-------
  Melee: Flail             |    43 |       |       |       ||    43
         Mace              |    31 |    36 |   214 |   217 ||   498
 Invoke: Heroism           |       |       |     1 |     3 ||     4
    Use: Scroll            |     3 |     1 |     7 |     2 ||    13
         Potion            |     2 |       |     4 |     4 ||    10
 Armour: Scale mail        |    32 |    10 |    68 |    89 ||   199
  Dodge: Dodged            |    21 |     8 |   114 |   131 ||   274
  Block: Buckler           |    14 |     8 |   102 |   153 ||   277
         Reflection        |       |       |     4 |     4 ||     8

Table legend: (Time is in decaauts)
 A = Elapsed time spent in this place.
 B = Non-inter-level travel time spent in this place.
 C = Inter-level travel time spent in this place.
 D = Time resting spent in this place.
 E = Time spent auto-exploring this place.
 F = Levels seen in this place.
 G = Mean time per level.
                   A        B        C        D        E       F      G
               +--------+--------+--------+--------+--------+-----+--------+
         Total |   7474 |   7301 |    173 |      0 |   6099 |   9 |  830.4 |
       Dungeon |   7474 |   7301 |    173 |      0 |   6099 |   9 |  830.4 |
               +--------+--------+--------+--------+--------+-----+--------+

Top non-repeatable levels by time:
     D:7: 1172 daAuts
     D:6: 1152 daAuts
     D:2: 1056 daAuts
     D:8: 887 daAuts
     D:9: 815 daAuts
     D:5: 672 daAuts
     D:4: 619 daAuts
     D:3: 568 daAuts
     D:1: 529 daAuts
